NCAA
TEXAS TECH RED RAIDERS @ OREGON STATE BEAVERS
05/04/2023
 
TOP OF THE 1ST
Texas Tech Red Raiders batting - Pitching for Oregon State Beavers : RHP Darrell Stanley
Pitching: RHP Darrell Stanley
Batting: LHB Cristóbal Gómez 0-0: Ball
1-0: Ball
2-0: Ball
3-0: Base on Balls
Batting: LHB Micheal Morgan 0-0: Ball
1-0: Foul Ball, location: 2F
1-1: Swinging Strike
1-2: SINGLE (Groundball, 34D)
Cristóbal Gómez to second
Runner from 2nd tries for 3rd, SAFE, no throw or cutoff
Batting: RHB Luis Martínez 0-0: Ball
1-0: Ball
2-0: Foul Ball, location: 2F
2-1: Swinging Strike
2-2: Strikes out looking
Batting: RHB Walton Smith 0-0: Foul Ball, location: 2F
0-1: Ball
1-1: Ball
2-1: Foul Ball, location: 2F
2-2: Strikes out swinging
Batting: LHB Albert Cardona 0-0: Ball
1-0: Swinging Strike
1-1: Fielders Choice at 2nd, 6-4 (Groundball, 6)
Top of the 1st over - 0 run(s), 1 hit(s), 0 error(s), 1 left on base; Texas Tech 0 - Oregon State 0
BOTTOM OF THE 1ST
Oregon State Beavers batting - Pitching for Texas Tech Red Raiders : LHP Bryan Richardson
Pitching: LHP Bryan Richardson
Batting: RHB Elvis Hendrix 0-0: Fly out, F8 (Flyball, 8LS)
Batting: LHB Horace Hess 0-0: Swinging Strike
0-1: Foul Ball, location: 2F
0-2: Ball
1-2: Ball
2-2: Strikes out swinging
Batting: RHB Marty Hendrickson 0-0: Ball
1-0: Foul Ball, location: 2F
1-1: Ball
2-1: Ball
3-1: SOLO HOME RUN (Flyball, 7D), Distance : 366 ft
Batting: LHB Charlie Dennis 0-0: Ball
1-0: Called Strike
1-1: Swinging Strike
1-2: Strikes out looking
Bottom of the 1st over - 1 run(s), 1 hit(s), 0 error(s), 0 left on base; Texas Tech 0 - Oregon State 1
TOP OF THE 2ND
Texas Tech Red Raiders batting - Pitching for Oregon State Beavers : RHP Darrell Stanley
Batting: RHB Doug Williams 0-0: Ball
1-0: Called Strike
1-1: Ball
2-1: Ball
3-1: Called Strike
3-2: Base on Balls
Batting: RHB Oliver Todd 0-0: Foul Ball, location: 2F
0-1: Foul Ball, location: 2F
0-2: Foul Ball, location: 2F
0-2: Ball
1-2: Foul Ball, location: 2F
Pickoff Throw to First - Out!
1-2: Foul Ball, location: 2F
1-2: Ball
2-2: Foul Ball, location: 2F
2-2: Ball
3-2: Base on Balls
Batting: RHB Steven Hill 0-0: Called Strike
0-1: Ball
1-1: Ball
2-1: Foul Ball, location: 2F
2-2: Foul Ball, location: 2F
2-2: SINGLE (Groundball, 34)
Oliver Todd to second
Runner from 2nd tries for 3rd, SAFE, throw made to third
Batting: RHB Bruce Jones 0-0: Ball
1-0: 3-RUN HOME RUN (Flyball, 7LD), Distance : 324 ft
Batting: LHB Cristóbal Gómez 0-0: Fly out, F7 (Flyball, 7M)
Batting: LHB Micheal Morgan 0-0: Fly out, F7 (Flyball, 78M)
Top of the 2nd over - 3 run(s), 2 hit(s), 0 error(s), 0 left on base; Texas Tech 3 - Oregon State 1
BOTTOM OF THE 2ND
Oregon State Beavers batting - Pitching for Texas Tech Red Raiders : LHP Bryan Richardson
Batting: RHB Tom Hughes 0-0: Called Strike
0-1: Ball
1-1: Called Strike
1-2: Ground out 6-3 (Groundball, 6)
Batting: RHB Jorge Costa 0-0: Ball
1-0: SINGLE (Groundball, 56S)
Batting: RHB Abraham Hardy 0-0: Ball
1-0: Foul Ball, location: 2F
1-1: Ball
2-1: Ball
3-1: Fly out, F6 (Popup, 6)
Batting: RHB Ben Barker 0-0: Ball
1-0: Ball
2-0: Ball
3-0: Called Strike
3-1: Foul Ball, location: 2F
3-2: Base on Balls
Jorge Costa to second
Batting: SHB Gerald Young 0-0: Called Strike
0-1: 3-RUN HOME RUN (Flyball, 78XD), Distance : 389 ft
Batting: RHB Elvis Hendrix 0-0: Called Strike
0-1: Swinging Strike
0-2: Foul Ball, location: 2F
0-2: Ball
1-2: Foul Ball, location: 2F
1-2: Foul Ball, location: 2F
1-2: Strikes out swinging
Bottom of the 2nd over - 3 run(s), 2 hit(s), 0 error(s), 0 left on base; Texas Tech 3 - Oregon State 4
TOP OF THE 3RD
Texas Tech Red Raiders batting - Pitching for Oregon State Beavers : RHP Darrell Stanley
Batting: RHB Luis Martínez 0-0: SINGLE (Line Drive, 6MD)
Batting: RHB Walton Smith 0-0: Ball
1-0: Ball
Passed Ball!
Luis Martínez to second
2-0: Ball
3-0: Base on Balls
Batting: LHB Albert Cardona 0-0: Called Strike
0-1: Called Strike
0-2: Ball
1-2: Ball
2-2: SINGLE (Groundball, 4MD)
Luis Martínez to third
Walton Smith to second
Batting: RHB Doug Williams 0-0: Ball
1-0: Swinging Strike
1-1: Ball
2-1: Foul Ball, location: 2F
2-2: Strikes out swinging
Batting: RHB Oliver Todd 0-0: Fly out, F7 (Flyball, 7M)
Runner from 3rd tags up, SCORES, no throw
Batting: RHB Steven Hill 0-0: Called Strike
0-1: Ball
1-1: Foul Ball, location: 2F
1-2: Strikes out looking
Top of the 3rd over - 1 run(s), 2 hit(s), 0 error(s), 2 left on base; Texas Tech 4 - Oregon State 4
BOTTOM OF THE 3RD
Oregon State Beavers batting - Pitching for Texas Tech Red Raiders : LHP Bryan Richardson
Batting: LHB Horace Hess 0-0: Foul Ball, location: 2F
0-1: Swinging Strike
0-2: Strikes out looking
Batting: RHB Marty Hendrickson 0-0: Ball
1-0: Ball
2-0: Ball
3-0: Base on Balls
Batting: LHB Charlie Dennis 0-0: Called Strike
0-1: Foul Ball, location: 2F
0-2: Ball
1-2: Foul Ball, location: 2F
1-2: Strikes out looking
Batting: RHB Tom Hughes 0-0: Called Strike
0-1: Fly out, F8 (Line Drive, 8LM)
Bottom of the 3rd over - 0 run(s), 0 hit(s), 0 error(s), 1 left on base; Texas Tech 4 - Oregon State 4
TOP OF THE 4TH
Texas Tech Red Raiders batting - Pitching for Oregon State Beavers : RHP Darrell Stanley
Batting: RHB Bruce Jones 0-0: Ball
1-0: Ball
2-0: Ball
3-0: Called Strike
3-1: SINGLE (Groundball, 4MD)
Batting: LHB Cristóbal Gómez 0-0: Ball
1-0: Ball
2-0: Swinging Strike
2-1: Foul Ball, location: 2F
2-2: Strikes out swinging
Batting: LHB Micheal Morgan 0-0: Foul Ball, location: 2F
0-1: Ball
1-1: Grounds into double play, 1-4-3 (Groundball, 15)
Top of the 4th over - 0 run(s), 1 hit(s), 0 error(s), 0 left on base; Texas Tech 4 - Oregon State 4
BOTTOM OF THE 4TH
Oregon State Beavers batting - Pitching for Texas Tech Red Raiders : LHP Bryan Richardson
Batting: RHB Jorge Costa 0-0: Ball
1-0: Ball
2-0: Swinging Strike
2-1: Ball
3-1: Foul Ball, location: 2F
3-2: Foul Ball, location: 2F
3-2: Foul Ball, location: 2F
3-2: Foul Ball, location: 2F
3-2: Base on Balls
Batting: RHB Abraham Hardy 0-0: Fly out, F8 (Flyball, 89M)
Batting: RHB Ben Barker 0-0: Ball
1-0: Ball
2-0: Ground out 5-3 (Groundball, 5S)
Jorge Costa to second
Batting: SHB Gerald Young 0-0: Ball
1-0: Called Strike
1-1: Ball
2-1: Called Strike
2-2: Ball
3-2: Base on Balls
Batting: RHB Elvis Hendrix 0-0: Called Strike
0-1: SINGLE (Groundball, 56D)
Jorge Costa to third
Gerald Young to second
Runner from 3rd tries for Home, SAFE, throw made home
Gerald Young to third
Elvis Hendrix to second
Batting: LHB Horace Hess 0-0: Ball
1-0: Ball
2-0: SINGLE (Groundball, 34)
Gerald Young scores
Elvis Hendrix to third
Runner from 3rd tries for Home, SAFE, no throw or cutoff
Pitching: RHP Paul Fisher
Batting: RHB Marty Hendrickson 0-0: Ball
1-0: Swinging Strike
1-1: Foul Ball, location: 2F
1-2: Fly out, F9 (Flyball, 89M)
Bottom of the 4th over - 3 run(s), 2 hit(s), 0 error(s), 1 left on base; Texas Tech 4 - Oregon State 7
TOP OF THE 5TH
Texas Tech Red Raiders batting - Pitching for Oregon State Beavers : RHP Darrell Stanley
Pitching: RHP Manuel Reynoso
Batting: RHB Luis Martínez 0-0: Foul Ball, location: 2F
0-1: Foul Ball, location: 2F
0-2: Foul Ball, location: 2F
0-2: Ground out 5-3 (Groundball, 5)
Batting: RHB Walton Smith 0-0: Reached on error, E5 (Groundball, 5)
Batting: LHB Albert Cardona 0-0: TRIPLE (Groundball, 3D)
Walton Smith scores
Batting: RHB Doug Williams 0-0: Ball
1-0: Fly out, F4 (Popup, 34D)
Batting: RHB Oliver Todd 0-0: Ball
1-0: SINGLE (Groundball, 56)
Albert Cardona scores
Batting: RHB Steven Hill 0-0: Ball
1-0: Ball
Oliver Todd is caught stealing 2nd base
Top of the 5th over - 2 run(s), 2 hit(s), 1 error(s), 0 left on base; Texas Tech 6 - Oregon State 7
BOTTOM OF THE 5TH
Oregon State Beavers batting - Pitching for Texas Tech Red Raiders : RHP Paul Fisher
Batting: LHB Charlie Dennis 0-0: Called Strike
0-1: Ball
1-1: SINGLE (Groundball, 4MD)
Batting: RHB Tom Hughes 0-0: Ball
1-0: Called Strike
1-1: Ball
2-1: Ball
3-1: Called Strike
3-2: Base on Balls
Charlie Dennis to second
Batting: RHB Jorge Costa 0-0: Called Strike
0-1: Called Strike
0-2: Ball
1-2: Fielders Choice at 2nd, 5-4 (Groundball, 56)
Charlie Dennis to third
Batting: RHB Abraham Hardy 0-0: DOUBLE (Line Drive, 5L)
Charlie Dennis scores
Jorge Costa to third
Batting: RHB Ben Barker 0-0: Ball
1-0: Foul Ball, location: 2F
1-1: Foul Ball, location: 2F
1-2: Foul Ball, location: 2F
1-2: Fly out, F6 (Popup, 6D)
Batting: SHB Gerald Young 0-0: Ball
1-0: Ground out U3 (Groundball, 3)
Bottom of the 5th over - 1 run(s), 2 hit(s), 0 error(s), 2 left on base; Texas Tech 6 - Oregon State 8
TOP OF THE 6TH
Texas Tech Red Raiders batting - Pitching for Oregon State Beavers : RHP Manuel Reynoso
Batting: RHB Steven Hill 0-0: Called Strike
0-1: Foul Ball, location: 2F
0-2: Ball
1-2: Reached on error, E6 (Groundball, 6)
Batting: RHB Bruce Jones 0-0: Ball
1-0: Called Strike
1-1: SINGLE (Flyball, 9LS)
Steven Hill to second
Runner from 2nd tries for 3rd, SAFE, no throw or cutoff
Batting: LHB Cristóbal Gómez 0-0: Called Strike
0-1: Hit by Pitch
Bruce Jones to second
Batting: LHB Micheal Morgan 0-0: Called Strike
0-1: Ball
1-1: Foul Ball, location: 2F
1-2: Foul Ball, location: 2F
1-2: Strikes out swinging
Batting: RHB Luis Martínez 0-0: SINGLE (Groundball, 5D)
Steven Hill scores
Bruce Jones to third
Cristóbal Gómez to second
Runner from 3rd tries for Home, SAFE, throw made home
Cristóbal Gómez to third
Luis Martínez to second
Batting: RHB Walton Smith 0-0: Intentional Walk
Pitching: RHP Taylor Wright
Batting: LHB Albert Cardona 0-0: Ball
1-0: Swinging Strike
1-1: Reached on error, E6 (Groundball, 6M)
Cristóbal Gómez scores
Luis Martínez to third
Walton Smith to second
Batting: RHB Doug Williams 0-0: Foul Ball, location: 2F
0-1: SINGLE (Line Drive, 6D)
Luis Martínez scores
Walton Smith to third
Albert Cardona to second
Batting: RHB Oliver Todd 0-0: Ball
1-0: Ball
2-0: Ball
3-0: Base on Balls
Walton Smith scores
Albert Cardona to third
Doug Williams to second
Batting: RHB Steven Hill 0-0: SINGLE (Groundball, 4M)
Albert Cardona scores
Doug Williams to third
Oliver Todd to second
Runner from 3rd tries for Home, SAFE, no throw or cutoff
Batting: RHB Bruce Jones 0-0: Ball
1-0: Ball
2-0: Ball
3-0: Base on Balls
Oliver Todd to third
Steven Hill to second
Batting: LHB Cristóbal Gómez 0-0: Called Strike
0-1: Foul Ball, location: 2F
0-2: Grounds into fielders choice 1-2 (Groundball, 25)
Steven Hill to third
Bruce Jones to second
Batting: LHB Micheal Morgan 0-0: Called Strike
0-1: Swinging Strike
0-2: Ball
1-2: GRAND SLAM HOME RUN (Flyball, 89XD), Distance : 383 ft
Pitching: LHP Johnathan Whittier
Batting: RHB Luis Martínez 0-0: Ball
1-0: Ball
2-0: Ball
3-0: Called Strike
3-1: Foul Ball, location: 2F
3-2: Base on Balls
Batting: RHB Walton Smith 0-0: Ball
1-0: Called Strike
1-1: Ball
2-1: Ball
3-1: SINGLE (Groundball, 6MD)
Luis Martínez to second
Runner from 2nd tries for 3rd, SAFE, throw made to third
Batting: LHB Albert Cardona 0-0: Swinging Strike
0-1: Swinging Strike
0-2: Ball
1-2: Strikes out swinging
Top of the 6th over - 11 run(s), 6 hit(s), 2 error(s), 2 left on base; Texas Tech 17 - Oregon State 8
BOTTOM OF THE 6TH
Oregon State Beavers batting - Pitching for Texas Tech Red Raiders : RHP Paul Fisher
Batting: RHB Elvis Hendrix 0-0: Ball
1-0: Foul Ball, location: 2F
1-1: Ball
2-1: Foul Ball, location: 2F
2-2: Ball
3-2: Strikes out looking
Batting: LHB Horace Hess 0-0: Called Strike
0-1: Fly out, F6 (Line Drive, 6M)
Batting: RHB Marty Hendrickson 0-0: Called Strike
0-1: Swinging Strike
0-2: Strikes out swinging
Bottom of the 6th over - 0 run(s), 0 hit(s), 0 error(s), 0 left on base; Texas Tech 17 - Oregon State 8
TOP OF THE 7TH
Texas Tech Red Raiders batting - Pitching for Oregon State Beavers : LHP Johnathan Whittier
Batting: RHB Doug Williams 0-0: Ball
1-0: Called Strike
1-1: Foul Ball, location: 2F
1-2: Fly out, F6 (Popup, 6D)
Batting: RHB Oliver Todd 0-0: Reached on error, E6 (Groundball, 6M)
Batting: RHB Steven Hill 0-0: Ball
1-0: Ball
2-0: Swinging Strike
2-1: Foul Ball, location: 2F
2-2: Strikes out swinging
Batting: RHB Bruce Jones 0-0: Called Strike
0-1: Ball
1-1: Ball
2-1: Ball
3-1: Base on Balls
Oliver Todd to second
Batting: LHB Cristóbal Gómez 0-0: Ball
1-0: Called Strike
1-1: Ground out 4-3 (Groundball, 4)
Top of the 7th over - 0 run(s), 0 hit(s), 1 error(s), 2 left on base; Texas Tech 17 - Oregon State 8
BOTTOM OF THE 7TH
Oregon State Beavers batting - Pitching for Texas Tech Red Raiders : RHP Paul Fisher
Pitching: RHP Joe Allen
Batting: LHB Charlie Dennis 0-0: Ball
1-0: Ball
2-0: Ground out 4-3 (Groundball, 34)
Batting: RHB Tom Hughes 0-0: Swinging Strike
0-1: Ball
1-1: SINGLE (Line Drive, 78M)
Batting: RHB Jorge Costa 0-0: SINGLE (Groundball, 56D)
Tom Hughes to second
Batting: RHB Abraham Hardy 0-0: Ball
1-0: Ball
2-0: Called Strike
2-1: Foul Ball, location: 2F
2-2: Fly out, F9 (Line Drive, 9LM)
Batting: RHB Ben Barker 0-0: Called Strike
0-1: Ball
1-1: Ball
2-1: Ball
3-1: Base on Balls
Tom Hughes to third
Jorge Costa to second
Batting: SHB Gerald Young 0-0: Called Strike
0-1: Swinging Strike
0-2: Ball
1-2: Strikes out looking
Bottom of the 7th over - 0 run(s), 2 hit(s), 0 error(s), 3 left on base; Texas Tech 17 - Oregon State 8
TOP OF THE 8TH
Texas Tech Red Raiders batting - Pitching for Oregon State Beavers : LHP Johnathan Whittier
Batting: LHB Micheal Morgan 0-0: Ball
1-0: Ball
2-0: Foul Ball, location: 2F
2-1: Swinging Strike
2-2: Strikes out looking
Batting: RHB Luis Martínez 0-0: Called Strike
0-1: Ball
1-1: SINGLE (Flyball, 78S)
Batting: RHB Walton Smith 0-0: Ball
1-0: Ball
2-0: Grounds into double play, 6-4-3 (Groundball, 6)
Top of the 8th over - 0 run(s), 1 hit(s), 0 error(s), 0 left on base; Texas Tech 17 - Oregon State 8
BOTTOM OF THE 8TH
Oregon State Beavers batting - Pitching for Texas Tech Red Raiders : RHP Joe Allen
Batting: RHB Elvis Hendrix 0-0: DOUBLE (Line Drive, 7LM)
Batting: LHB Horace Hess 0-0: Called Strike
0-1: Ball
Wild Pitch!
Elvis Hendrix to third
1-1: Ball
2-1: Swinging Strike
2-2: Strikes out swinging
Batting: RHB Marty Hendrickson 0-0: Called Strike
0-1: Ball
1-1: Foul Ball, location: 2F
1-2: Foul Ball, location: 2F
1-2: Foul Ball, location: 2F
1-2: Hit by Pitch
Batting: LHB Charlie Dennis 0-0: Swinging Strike
0-1: Ball
1-1: Called Strike
1-2: Foul Ball, location: 2F
1-2: Strikes out swinging
Batting: RHB Tom Hughes 0-0: Ball
1-0: Foul Ball, location: 2F
1-1: Foul Ball, location: 2F
1-2: Ball
2-2: Foul Ball, location: 2F
2-2: Foul Ball, location: 2F
2-2: Foul Ball, location: 2F
2-2: Strikes out looking
Bottom of the 8th over - 0 run(s), 1 hit(s), 0 error(s), 2 left on base; Texas Tech 17 - Oregon State 8
TOP OF THE 9TH
Texas Tech Red Raiders batting - Pitching for Oregon State Beavers : LHP Johnathan Whittier
Batting: LHB Albert Cardona 0-0: Called Strike
0-1: Ball
1-1: Ball
2-1: SINGLE (Line Drive, 4MD)
Batting: RHB Doug Williams 0-0: Called Strike
0-1: Ball
Albert Cardona steals 2nd base
1-1: SINGLE (Line Drive, 4M)
Albert Cardona to third
Pitching: RHP Nelson Chávez
Batting: RHB Oliver Todd 0-0: Swinging Strike
0-1: Ball
1-1: Ball
2-1: Ball
3-1: Fly out, F8 (Flyball, 8LM)
Runner from 3rd tags up, SCORES, throw made
Batting: RHB Steven Hill 0-0: Called Strike
0-1: Ball
1-1: Fly out, F6 (Popup, 6D)
Batting: RHB Bruce Jones 0-0: Called Strike
0-1: Ball
1-1: Called Strike
1-2: Fly out, F9 (Flyball, 9M)
Top of the 9th over - 1 run(s), 2 hit(s), 0 error(s), 1 left on base; Texas Tech 18 - Oregon State 8
BOTTOM OF THE 9TH
Oregon State Beavers batting - Pitching for Texas Tech Red Raiders : RHP Joe Allen
Now at 1B: Roberto Hernández
Now at SS: Terry Whitney
Batting: RHB Jorge Costa 0-0: Foul Ball, location: 2F
0-1: Swinging Strike
0-2: SINGLE (Line Drive, 4MD)
Batting: RHB Abraham Hardy 0-0: Called Strike
0-1: Called Strike
0-2: Strikes out swinging
Pitching: RHP Jorge Ramírez
Batting: RHB Ben Barker 0-0: Called Strike
0-1: Grounds into double play, 6-4-3 (Groundball, 6)
Bottom of the 9th over - 0 run(s), 1 hit(s), 0 error(s), 0 left on base; Texas Tech 18 - Oregon State 8
This league is powered by Out of the Park Baseball, the baseball management simulation game for PC, Mac and Linux
Wednesday, December 2nd, 2015 - OOTP Baseball 16.8 Build 38